 Dungeon Crawl Stone Soup version 0.16-a0-2254-g943817a (console) character file.

1028 THEYGOTMYIPSWATINC the Grappler (level 8, -3/74 HPs)
             Began as a Troll Monk on Nov 15, 2014.
             Slain by a gnoll
             ... wielding a +0 spear
              (5 damage)
             ... on level 6 of the Dungeon.
             The game lasted 00:08:17 (2119 turns).

THEYGOTMYIPSWATINC the Grappler (Troll Monk)        Turns: 2119, Time: 00:08:17

Health: -3/74      AC:  8    Str: 25    XL:     8   Next: 3%
Magic:  3/3        EV: 10    Int:  8    God:
Gold:   250        SH:  0    Dex: 12    Spells: 0 memorised, 7 levels left

rFire  . . .     SeeInvis .       - Unarmed
rCold  . . .     Clarity  .     a - +0 robe (curse)
rNeg   + . .     SustAb   .     (shield restricted)
rPois  .         Gourm    +     (helmet restricted)
rElec  .         Spirit   .     g - +2 cloak
rCorr  .         Warding  .     (gloves unavailable)
rMut   .         Stasis   .     (boots unavailable)
MR     +....                    (no amulet)
Stlth  +.........               n - ring of positive energy
                                e - ring of protection from magic (curse)

@: mighty, lethally poisoned, flying, very slightly contaminated, hasted, very
quick, somewhat resistant to hostile enchantments, very unstealthy
A: unfitting armour, claws 3, fast metabolism 3, gourmand, regeneration 2,
shaggy fur 1, tough skin 2
a: no special abilities


You were on level 6 of the Dungeon.
You were not hungry.

You visited 1 branch of the dungeon, and saw 7 of its levels.
You also visited: Ossuary.

You collected 250 gold pieces.

Inventory:

Missiles
 f - 12 poisoned needles
Armour
 a - a cursed +0 robe (worn)
 g - a +2 cloak (worn)
Jewellery
 e - a cursed ring of protection from magic (left claw)
 m - a cursed ring of fire
 n - a ring of positive energy (right claw)
Scrolls
 d - 6 scrolls of teleportation {unknown}
 h - a scroll of recharging {unknown}
 j - a scroll of enchant armour {unknown}
 k - 5 scrolls of identify {unknown}
 q - a scroll of random uselessness {unknown}
 u - a scroll of blinking {unknown}
 v - 3 scrolls of magic mapping {unknown}
 x - a scroll of noise {unknown}
 y - a scroll of amnesia {unknown}
Potions
 i - a potion of poison
 l - 2 potions of flight
 z - a potion of berserk rage {unknown}
 A - a potion of restore abilities {unknown}
 B - a potion of cure mutation {unknown}
 C - a potion of brilliance {unknown}
Books
 s - a book of the Tempests

   Spells                             Type                      Level
   Static Discharge                   Conjuration/Air              3
   Lightning Bolt                     Conjuration/Air              5
   Fireball                           Conjuration/Fire             5
   Tornado                            Air                          9
   Shatter                            Earth                        9
Comestibles
 b - 2 meat rations
 c - 4 bread rations
 p - 2 chunks of flesh
 r - 2 beef jerkies
 D - a royal jelly


   Skills:
 - Level 2.4 Fighting
 - Level 2.4 Dodging
 - Level 1.1 Stealth
 + Level 10.1 Unarmed Combat


You had 7 spell levels left.
You didn't know any spells.

Dungeon Overview and Level Annotations

Branches:
Dungeon (7/15)
 Temple: D:4-7

Altars:
Fedhas
Zin

Annotations:
D:2 Sigmund


Innate Abilities, Weirdness & Mutations

You are too large for most types of armour.
You have claws for hands.
Your metabolism is lightning-fast.
You like to eat raw meat.
You heal very quickly.
You are covered in fur (AC +1).
You have very tough skin (AC +2).


Message History

The hobgoblin barely misses you.
Drink which item? (? for menu, Esc to quit)
Okay, then.
You closely miss the orc.
The orc is severely wounded.
The orc hits you but does no damage.
Unknown command.
You claw the orc!
You kill the orc!
You feel sick.
Unknown command.
You closely miss the orc. You claw the orc.
You kill the orc!
You feel sick. The hobgoblin hits you with a club.
* * * LOW HITPOINT WARNING * * *
Unknown command.
You closely miss the orc priest.
The orc priest is severely wounded.
The gnoll hits you from afar with a spear.
You die...

≈≈.≈≈.../.≈..≈≈≈.
≈≈≈≈.....≈≈≈≈≈≈≈≈
≈≈≈≈≈.....≈≈≈≈≈≈
≈≈≈≈≈....≈≈≈≈≈≈≈
######''################
#.)).#....ggo#.....##
#....#....oog)(.....##
##....#########g......#
#......#.....@o)......#
+......'(....)g)......+
#......#.......)......#
##....#########.......#
#....# +......## #....#
#.....## ###### #######


You could see an orc priest, a gnoll and a hobgoblin.

Vanquished Creatures
  A giant frog (D:4)
  4 water moccasin zombies (Ossuary)
  A crimson imp (D:6)
  2 jellies (D:5)
  A centaur skeleton (D:4)
  A hound (D:6)
  A giant frog skeleton (D:5)
  2 iguanas (D:5)
  2 orc priests
  A giant frog zombie (D:6)
  2 orc wizards (D:3)
  2 big kobold zombies (Ossuary)
  A hound zombie (D:7)
  3 mummies
  6 adders
  5 gnolls
  A shadow imp (D:5)
  3 worms (D:4)
  2 adder zombies (Ossuary)
  23 orcs
  2 ball pythons
  3 giant cockroaches
  6 gnoll zombies (Ossuary)
  13 goblins
  9 hobgoblins
  5 kobolds
  A quokka (D:5)
  5 bats
  5 giant geckos
  3 giant newts
  7 hobgoblin zombies (Ossuary)
  3 kobold zombies (Ossuary)
  6 orc zombies (Ossuary)
  5 rats
137 creatures vanquished.

Notes
Turn   | Place    | Note
--------------------------------------------------------------
     0 | D:1      | THEYGOTMYIPSWATINC, the Troll Monk, began the quest for the Orb.
     0 | D:1      | Reached XP level 1. HP: 22/22 MP: 1/1
   114 | D:2      | Reached XP level 2. HP: 29/29 MP: 1/1
   269 | D:2      | Reached skill level 5 in Unarmed Combat
   269 | D:2      | Reached XP level 3. HP: 26/36 MP: 2/2
   327 | D:2      | Reached XP level 4. HP: 44/44 MP: 2/2
   654 | D:2      | Noticed Sigmund
   663 | D:3      | Found a blossoming altar of Fedhas.
   667 | D:3      | Reached skill level 6 in Unarmed Combat
   733 | D:3      | Reached XP level 5. HP: 48/50 MP: 2/2
   912 | D:4      | Reached skill level 7 in Unarmed Combat
  1021 | D:4      | Reached XP level 6. HP: 59/59 MP: 3/3
  1219 | D:5      | Entered Level 5 of the Dungeon
  1282 | D:5      | Reached skill level 8 in Unarmed Combat
  1331 | D:5      | Found a sand-covered staircase.
  1342 | Ossuary  | Entered an ossuary
  1386 | Ossuary  | Reached XP level 7. HP: 49/66 MP: 3/3
  1502 | Ossuary  | Reached skill level 9 in Unarmed Combat
  1632 | D:4      | Found a glowing silver altar of Zin.
  1960 | D:6      | Reached skill level 10 in Unarmed Combat
  2046 | D:6      | Reached XP level 8. HP: 61/74 MP: 3/3
  2102 | D:6      | HP: 2/74 [orc priest/flail (12)]
  2118 | D:6      | HP: 2/74 [hobgoblin/club (2)]
  2119 | D:6      | Slain by a gnoll

Action                   |  1- 3 |  4- 6 |  7- 9 || total
-------------------------+-------+-------+-------++-------
Melee: Unarmed           |    68 |   172 |   196 ||   436
  Use: Potion            |       |       |     6 ||     6
 Stab: Sleeping          |       |     1 |       ||     1
  Eat: Chunk             |     1 |     8 |     6 ||    15
       Royal jelly       |       |       |     1 ||     1
